 Dungeon Crawl Stone Soup version 0.21.1-1-g345015f (webtiles) character file.

201264 vatarom the Scorcher (level 17, -11/102 HPs)
             Began as a Deep Elf Fire Elementalist on Mar 19, 2018.
             Was a High Priest of Vehumet.
             Shot with an arrow by a naga sharpshooter (20 damage)
             ... led by Vashnia
             ... on level 2 of the Snake Pit on Mar 20, 2018.
             The game lasted 01:30:34 (36481 turns).

vatarom the Scorcher (Deep Elf Fire Elementalist)  Turns: 36481, Time: 01:30:35

Health: -11/102    AC: 11    Str: 13    XL:     17   Next: 90%
Magic:  37/44      EV: 18    Int: 25    God:    Vehumet [*****.]
Gold:   826        SH:  0    Dex: 21    Spells: 12/51 levels left

rFire    . . .     SeeInvis +   k - +7 trident "Cacvimir" {venom, Int+2}
rCold    . . .     Gourm    +   (no shield)
rNeg     + . .     Faith    .   z - +2 robe {Archmagi}
rPois    +         Spirit   .   m - +2 helmet
rElec    +         Reflect  .   x - scarf {cloud immunity}
rCorr    +         Harm     .   y - +2 pair of gloves {Str+3}
MR       +....                  Q - +0 pair of boots
Stlth    +++.......             H - amulet of the gourmand
HPRegen  0.27/turn              j - ring of see invisible
MPRegen  0.29/turn              C - ring of Catsuser {rCorr *Contam rN+ Dex+6}

@: lethally poisoned (-11 -> -17), constricted
A: high mp 1, poison resistance, electricity resistance
}: 1/15 runes: decaying
a: Renounce Religion


You were on level 2 of the Snake Pit.
You worshipped Vehumet.
Vehumet was extremely pleased with you.
You were hungry.

You visited 5 branches of the dungeon, and saw 28 of its levels.

You collected 1782 gold pieces.
You spent 956 gold pieces at shops.

Inventory:

Hand Weapons
 k - the +7 trident "Cacvimir" (weapon) {venom, Int+2}
   (You found it on level 10 of the Dungeon)

   It poisons the flesh of those it strikes.
   It affects your intelligence (+2).
Armour
 m - a +2 helmet (worn)
 x - a scarf of cloud immunity (worn)
 y - a +2 pair of gloves of strength (worn)
 z - a +2 robe of the Archmagi (worn)
 Q - a +0 pair of boots (worn)
Jewellery
 e - an uncursed ring of protection from cold
 j - a ring of see invisible (left hand)
 n - an uncursed ring of protection from magic
 A - an uncursed ring of resist corrosion
 C - the ring of Catsuser (right hand) {rCorr *Contam rN+ Dex+6}
   (You found it on level 10 of the Dungeon)

   [ring of resist corrosion]

   It affects your dexterity (+6).
   It protects you from negative energy.
   It causes magical contamination when unequipped.
 E - an uncursed ring of protection from fire
 H - an amulet of the gourmand (around neck)
 P - an uncursed ring of wizardry
 T - an uncursed ring of protection from fire
 U - an uncursed ring of stealth {unknown}
 V - an uncursed ring of positive energy {unknown}
Wands
 i - a wand of digging (36)
 l - a wand of acid (24)
 p - a wand of enslavement (7)
 B - a wand of random effects (53)
 O - a wand of paralysis (18)
 S - a wand of disintegration (12)
Scrolls
 b - a scroll of identify
 g - 12 scrolls of remove curse
 h - 3 scrolls of fear
 o - 7 scrolls of enchant weapon
 s - 5 scrolls of teleportation
 v - 2 scrolls of amnesia
 L - a scroll of summoning
 M - 2 scrolls of fog
 R - a scroll of silence
Potions
 a - 6 potions of might
 f - 4 potions of brilliance
 q - 2 potions of flight
 r - 7 potions of lignification
 t - a potion of invisibility
 u - a potion of agility
 D - 2 potions of berserk rage
 G - 2 potions of curing
 I - a potion of cancellation
 K - 3 potions of haste
 N - 2 potions of resistance
Books
 d - a book of the Tempests

   Spells                             Type                      Level
   a - Static Discharge               Conjuration/Air              3
   b - Lightning Bolt                 Conjuration/Air              5
   c - Ignition                       Fire                         8
   d - Tornado                        Air                          9
   e - Shatter                        Earth                        9
Miscellaneous
 F - a sack of spiders
Comestibles
 c - 17 rations


   Skills:
 - Level 10.0 Fighting
 - Level 10.6 Dodging
 - Level 2.5 Stealth
 + Level 17.8 Spellcasting
 + Level 15.3 Conjurations
   Level 0.3 Summonings
 - Level 6.6 Translocations
 + Level 18.1 Fire Magic
 - Level 2.3 Evocations


You had 12 spell levels left.
You knew the following spells:

 Your Spells              Type           Power        Failure   Level  Hunger
a - Flame Tongue          Conj/Fire      #####        0%          1    None
b - Throw Flame           Conj/Fire      ######       0%          2    None
c - Conjure Flame         Conj/Fire      ########     0%          3    None
d - Sticky Flame          Conj/Fire      ########     0%          4    None
e - Fireball              Conj/Fire      ########..   1%          5    None
f - Inner Flame           Hex/Fire       #######.     1%          3    None
g - Lightning Bolt        Conj/Air       ######....   1%          5    None
h - Mephitic Cloud        Conj/Pois/Air  ######..     1%          3    None
i - Blink                 Tloc           N/A          1%          2    None
j - Ignite Poison         Fire/Tmut/Pois ######..     1%          3    None
k - Ignition              Fire           ########..   2%          8    ######.


Dungeon Overview and Level Annotations

Branches:
Dungeon (15/15)            Temple (1/1) D:6            Lair (6/6) D:9
  Swamp (4/4) Lair:3        Snake (2/4) Lair:4        Slime (0/5) Lair:6
    Orc (0/2) D:10         Vaults (0/5) D:13         Depths (0/5) D:15

Altars:
Ashenzari
Cheibriados
Dithmenos
Elyvilon
Fedhas
Gozag
Hepliaklqana
Kikubaaqudgha
Makhleb
Nemelex Xobeh
Okawaru
Qazlal
Ru
Sif Muna
Trog
Uskayaw
Vehumet
Wu Jian
Xom
Yredelemnul
Zin
The Shining One
Jiyva

Shops:
D:4 !   D:5 *   D:9 !   D:13 :*[

Annotations:
D:2 exclusions: downstairs and 1 more exclusion, Sigmund
D:3 Grinder
Lair:2 exclusion: oklob plant, shugdite's ghost, journeyman MiGl
Lair:6 exclusion: 3 oklob plants
Snake:2 Vashnia


Innate Abilities, Weirdness & Mutations

You have an increased reservoir of magic. (+10% MP)
Your system is resistant to poisons. (rPois)
You are resistant to electric shocks. (rElec)


Message History

Vashnia unwields an uncursed battleaxe of chopping.
Vashnia wields an uncursed arbalest.
Vashnia shoots a bolt.
The bolt hits you!
The naga sharpshooter casts a spell.
The naga sharpshooter magically shoots an arrow.
The arrow hits you!
* * * LOW HITPOINT WARNING * * *
The arrow freezes you.
* * * LOW HITPOINT WARNING * * *
You hear an angry hiss.
Things that are here:
a bolt; 3 arrows You feel sick.
The anaconda grabs you. The anaconda closely misses you.
* * * LOW HITPOINT WARNING * * *
The anaconda constricts you.
The naga sharpshooter mumbles some strange words.
The naga sharpshooter magically shoots an arrow.
The arrow hits you!
* * * LOW HITPOINT WARNING * * *
The naga sharpshooter shoots an arrow.
The arrow hits you!!
You die...

.........#.
.....<....
..........
#........
##.......
(.......#####..
.......).......
.......<.# ##..
.......@.#..†..
.......S.[....(
.N.....(......N
........#.....N
.......##.....)
##..... ......
#...... .....N
#...... .....
#...... ##.#


You could see Vashnia, a nagaraja, 2 naga sharpshooters and an anaconda.

Vanquished Creatures
  Kirke (Lair:6)
  3 thorn hunters
  Louise (D:15)
  Josephine (D:15)
  Fannar (D:11)
  10 hydras
  Harold (Lair:2)
  A naga warrior (Snake:1)
  4 vault guards (D:13)
  Erolcha (D:9)
  2 ghost crabs (Swamp:4)
  An anaconda (Snake:1)
  3 centaur warriors (D:14)
  Erica (Lair:2)
  7 alligators
  10 two-headed ogres
  An ogre mage (D:15)
  A tengu warrior (D:15)
  Urug (D:11)
  Sonja (Lair:2)
  Nergalle (Lair:3)
  2 shock serpents (Snake:1)
  3 naga sharpshooters
  A salamander mystic (Lair:4)
  2 wizards (D:15)
  A spriggan druid (Swamp:4)
  2 spectral hydras (Swamp:4)
  A naga ritualist (Snake:2)
  5 swamp dragons
  A phantasmal warrior (Swamp:4)
  A harpy (shapeshifter) (D:13)
  2 necromancers
  A wolf spider zombie (D:13)
  7 ugly things
  An orc knight (D:15)
  An oklob plant (Swamp:4)
  4 salamanders (Snake:1)
  2 orc sorcerers (D:15)
  A manticore (D:13)
  2 cyclopes
  7 elephants
  9 black mambas
  25 spiny frogs
  Psyche (D:8)
  3 naga magi (Snake:1)
  Joseph (D:8)
  2 gargoyles (D:15)
  4 rime drakes
  3 komodo dragons
  A redback zombie (D:15)
  A freezing wraith (D:15)
  4 swamp worm zombies (Swamp:4)
  An efreet (D:15)
  A tengu conjurer (D:15)
  A meliai (shapeshifter) (D:13)
  A wolf spider simulacrum (D:15)
  10 hornets
  4 hydra zombies (Swamp:4)
  7 trolls
  4 polar bears (Lair:6)
  A harpy skeleton (D:15)
  3 alligator zombies (Swamp:4)
  11 hippogriffs
  12 slime creatures
  20 blink frogs
  6 bog bodies
  13 dream sheep
  A meliai zombie (D:11)
  4 flying skulls (D:10)
  9 wraiths
  4 shadows
  12 spriggans
  A human (Lair:6)
  5 wyverns
  2 fire elementals (D:12)
  2 hungry ghosts
  3 basilisks
  21 yaks
  A hog (Lair:6)
  22 vampire mosquitoes
  2 soldier ants
  6 insubstantial wisps
  13 nagas
  21 swamp worms
  14 water moccasins
  2 hell hounds
  7 orc warriors
  3 ice beasts
  A hornet zombie (D:15)
  9 porcupines
  5 swamp drakes
  5 sky beasts
  2 swamp dragon zombies (Swamp:4)
  8 phantoms
  4 black bears
  An eye of draining (D:12)
  6 ogres
  18 wolves
  12 centaurs
  5 boggarts (Lair:6)
  A necrophage (D:9)
  16 crocodiles
  22 bullfrogs
  2 big kobolds
  4 wyvern skeletons
  3 wyvern zombies
  A hornet simulacrum (D:14)
  8 wights
  3 electric eels
  8 howler monkeys
  4 lava snakes (D:12)
  A bullfrog zombie (D:5)
  5 centaur zombies
  5 crimson imps
  2 quasits (D:10)
  3 hounds
  3 jellies
  5 orc priests
  8 bullfrog skeletons
  12 orc wizards
  6 centaur skeletons
  4 iguanas
  Terence (D:2)
  Ijyb (D:3)
  A spectral swamp drake (Swamp:4)
  9 worker ants
  A killer bee zombie (D:5)
  2 hound zombies
  A hound skeleton (D:10)
  2 howler monkey zombies
  10 gnolls
  2 worker ant zombies (D:10)
  17 adders
  A swamp drake zombie (Swamp:4)
  3 shadow imps
  2 adder skeletons
  2 adder zombies (D:10)
  2 worms
  2 dart slugs (D:1)
  5 leopard geckos
  42 orcs
  A ball python (D:2)
  4 giant cockroaches
  10 goblins
  5 hobgoblins
  12 jackals
  7 quokkas
  6 bats
  5 frilled lizards
  A giant cockroach zombie (D:5)
  20 kobolds
  12 rats
  A fungus (Lair:4)
  6 plants
802 creatures vanquished.

Vanquished Creatures (collateral kills)
  2 spectral swamp dragons (Swamp:4)
  A swamp dragon zombie (Swamp:4)
  A crimson imp (D:9)
  A spectral swamp drake (Swamp:4)
5 creatures vanquished.

Vanquished Creatures (others)
  A spiny frog (Swamp:4)
  2 humans (Lair:6)
  A swamp worm (Swamp:4)
  A sky beast (D:6)
  An orc wizard (D:4)
  A bush (Lair:6)
  33 fungi
  14 plants
54 creatures vanquished.

Grand Total: 861 creatures vanquished

Notes
Turn   | Place    | Note
-------+----------+-------------------------------------------
     0 | D:1      | vatarom the Deep Elf Fire Elementalist began the quest for the Orb.
     0 | D:1      | Reached XP level 1. HP: 10/10 MP: 6/6
     8 | D:1      | Noticed a redback
     8 | D:1      | Noticed a polar bear
     8 | D:1      | Noticed a hog
   205 | D:1      | Reached XP level 2. HP: 16/16 MP: 6/8
   447 | D:1      | Reached skill level 1 in Fighting
   569 | D:1      | Reached XP level 3. HP: 20/20 MP: 6/9
   573 | D:1      | Learned a level 2 spell: Throw Flame
   577 | D:1      | Learned a level 3 spell: Conjure Flame
   920 | D:2      | Noticed Sigmund
  1466 | D:2      | Reached XP level 4. HP: 23/26 MP: 11/11
  1575 | D:2      | Noticed Terence
  1600 | D:2      | Killed Terence
  2381 | D:3      | Reached skill level 4 in Fire Magic
  2381 | D:3      | Reached XP level 5. HP: 27/30 MP: 6/13
  2411 | D:3      | Noticed Ijyb
  2449 | D:3      | Killed Ijyb
  2642 | D:3      | Learned a level 4 spell: Sticky Flame
  3007 | D:3      | Found a white marble altar of Elyvilon.
  3024 | D:3      | Noticed Grinder
  3029 | D:3      | Gained mutation: You are resistant to electric shocks. (rElec) [potion of mutation]
  3029 | D:3      | Gained mutation: Your system is resistant to poisons. (rPois) [potion of mutation]
  3029 | D:3      | Gained mutation: You have an increased reservoir of magic. (+10% MP) [potion of mutation]
  3821 | D:4      | Reached XP level 6. HP: 18/36 MP: 7/16
  4114 | D:4      | Found Folum's Distillery.
  4119 | D:4      | Bought a potion of heal wounds for 70 gold pieces
  4293 | D:4      | You fall through a shaft for 3 floors!
  4318 | D:7      | Reached skill level 5 in Spellcasting
  4564 | D:7      | Reached XP level 7. HP: 41/41 MP: 8/18
  4594 | D:7      | Reached skill level 5 in Fire Magic
  5083 | D:6      | Found a staircase to the Ecumenical Temple.
  5109 | Temple   | Entered the Ecumenical Temple
  5169 | Temple   | Became a worshipper of Vehumet
  5489 | D:6      | Found a basalt altar of Yredelemnul.
  5540 | D:6      | Reached skill level 5 in Conjurations
  5540 | D:6      | Reached skill level 6 in Fire Magic
  5540 | D:6      | Reached XP level 8. HP: 46/46 MP: 9/21
  5773 | D:6      | Learned a level 5 spell: Fireball
  6333 | D:5      | Entered Level 5 of the Dungeon
  6462 | D:5      | Learned a level 3 spell: Inner Flame
  6529 | D:5      | Found a shattered altar of Ashenzari.
  6611 | D:5      | Reached * piety under Vehumet
  6611 | D:5      | Offered knowledge of Magic Dart by Vehumet.
  6622 | D:5      | Learned a level 1 spell: Magic Dart
  6723 | D:5      | Reached skill level 7 in Fire Magic
  7404 | D:5      | Found Emenik's General Store.
  8116 | D:7      | Reached XP level 9. HP: 51/51 MP: 18/25
  8155 | D:7      | Reached skill level 8 in Fire Magic
  8259 | D:7      | Found a blossoming altar of Fedhas.
  8260 | D:7      | Found a burning altar of Makhleb.
  8484 | D:7      | Found an ornate altar of the Wu Jian Council.
  8487 | D:7      | Found a hazy altar of Hepliaklqana.
  8490 | D:7      | Found a bloodstained altar of Trog.
  8783 | D:8      | Learned a level 3 spell: Mephitic Cloud
  8801 | D:8      | Learned a level 2 spell: Blink
  8818 | D:8      | Noticed Psyche
  8828 | D:8      | Killed Psyche
  9126 | D:8      | Reached ** piety under Vehumet
  9126 | D:8      | Reached skill level 9 in Fire Magic
  9413 | D:8      | Noticed Joseph
  9526 | D:8      | Killed Joseph
  9526 | D:8      | Offered knowledge of Freeze by Vehumet.
  9526 | D:8      | Reached skill level 5 in Dodging
  9526 | D:8      | Reached XP level 10. HP: 29/56 MP: 13/28
  9694 | D:9      | Noticed Erolcha
  9701 | D:9      | Killed Erolcha
  9701 | D:9      | Reached skill level 10 in Spellcasting
  9701 | D:9      | Reached skill level 10 in Fire Magic
 10143 | D:9      | Got a sparkling glass ring
 10150 | D:9      | Found a staircase to the Lair.
 10153 | D:9      | Noticed a two-headed ogre
 10509 | D:9      | Killed a two-headed ogre
 10509 | D:9      | Reached skill level 11 in Fire Magic
 10628 | D:9      | Found Joxeo's Distillery.
 10633 | D:9      | Bought a potion of ambrosia for 96 gold pieces
 10633 | D:9      | Bought a potion of curing for 36 gold pieces
 10671 | D:9      | Identified the ring of Xom's Capriciousness {*Corrode rElec Str+8 Int+2 Dex+4} (You found it on level 9 of the Dungeon)
 10707 | D:9      | Found a glowing silver altar of Zin.
 10899 | D:10     | Entered Level 10 of the Dungeon
 10900 | D:10     | Offered knowledge of Ignite Poison by Vehumet.
 10909 | D:10     | Learned a level 3 spell: Ignite Poison
 11096 | D:10     | Noticed a two-headed ogre
 11105 | D:10     | Noticed a two-headed ogre
 11113 | D:10     | Killed a two-headed ogre
 11115 | D:10     | Killed a two-headed ogre
 11115 | D:10     | Reached XP level 11. HP: 56/60 MP: 16/30
 11183 | D:10     | Got a coiled iron ring
 11255 | D:10     | Found a shadowy altar of Dithmenos.
 11307 | D:10     | Reached *** piety under Vehumet
 11334 | D:10     | Noticed a necromancer
 11354 | D:10     | Killed a necromancer
 11354 | D:10     | Reached skill level 12 in Fire Magic
 11465 | D:10     | Identified the ring of Catsuser {rCorr *Contam rN+ Dex+6} (You found it on level 10 of the Dungeon)
 11485 | D:10     | Got an iridescent trident
 11486 | D:10     | Identified the +7 trident "Cacvimir" {venom, Int+2} (You found it on level 10 of the Dungeon)
 11904 | D:10     | Offered knowledge of Olgreb's Toxic Radiance by Vehumet.
 11935 | D:10     | Reached skill level 10 in Conjurations
 12055 | D:10     | Found a staircase to the Orcish Mines.
 12693 | Lair:1   | Entered Level 1 of the Lair of Beasts
 12700 | Lair:1   | Reached skill level 13 in Fire Magic
 12711 | Lair:1   | Reached **** piety under Vehumet
 13428 | Lair:1   | Offered knowledge of Irradiate by Vehumet.
 14008 | Lair:2   | Reached XP level 12. HP: 52/64 MP: 20/33
 14102 | Lair:2   | Noticed shugdite's ghost (journeyman MiGl)
 14297 | Lair:2   | Noticed Erica
 14592 | Lair:2   | Noticed Sonja
 14598 | Lair:2   | Killed Erica
 14598 | Lair:2   | Reached skill level 14 in Fire Magic
 14602 | Lair:2   | Killed Sonja
 15501 | Lair:3   | Found a staircase to the Swamp.
 15756 | Lair:3   | Reached ***** piety under Vehumet
 15756 | Lair:3   | Offered knowledge of Bolt of Cold by Vehumet.
 15975 | Lair:3   | Noticed Nergalle
 16007 | Lair:3   | Killed Nergalle
 16580 | Lair:4   | Reached skill level 15 in Fire Magic
 16631 | Lair:4   | Noticed a five-headed hydra
 16640 | Lair:4   | Killed a five-headed hydra
 16789 | Lair:4   | Found a staircase to the Snake Pit.
 17181 | Lair:4   | Noticed a six-headed hydra
 17190 | Lair:4   | Killed a six-headed hydra
 17435 | Lair:4   | Reached XP level 13. HP: 57/69 MP: 29/36
 19313 | Lair:6   | Entered Level 6 of the Lair of Beasts
 19610 | Lair:6   | Reached skill level 16 in Fire Magic
 19632 | Lair:6   | Reached skill level 5 in Fighting
 19756 | Lair:6   | Reached skill level 1 in Translocations
 19988 | Lair:6   | Offered knowledge of Throw Icicle by Vehumet.
 20013 | Lair:6   | Reached skill level 15 in Spellcasting
 20500 | Lair:6   | Noticed Kirke
 20506 | Lair:6   | Killed Kirke
 20633 | Lair:6   | Reached skill level 5 in Translocations
 20633 | Lair:6   | Reached XP level 14. HP: 74/80 MP: 38/38
 20690 | Lair:6   | Reached XP level 15. HP: 68/85 MP: 31/39
 20892 | Lair:6   | Found a viscous altar of Jiyva.
 20894 | Lair:6   | Found a staircase to the Slime Pits.
 21374 | Lair:2   | Noticed Harold
 21763 | D:11     | Noticed Fannar
 21769 | D:11     | Killed Fannar
 21771 | D:11     | Noticed Urug
 22409 | D:11     | Killed Urug
 22910 | D:12     | Offered knowledge of Bolt of Fire by Vehumet.
 23687 | D:12     | Found a white marble altar of Elyvilon.
 24104 | D:13     | Found Hafokue's General Store.
 24362 | D:13     | Got a smoking demon blade
 24363 | D:13     | Identified the +11 demon blade of Mayhem {freeze, Str+4 Dex+5} (You found it on level 13 of the Dungeon)
 24600 | D:13     | Bought a scroll of teleportation for 54 gold pieces
 24667 | D:13     | Found Lir Nutoo's Book Shop.
 24685 | D:13     | Bought a book of the Tempests for 700 gold pieces
 24694 | D:13     | Learned a level 8 spell: Ignition
 24747 | D:13     | Found Ukodor's Armour Emporium.
 25261 | D:13     | Found a gate to the Vaults.
 26449 | D:14     | Offered knowledge of Yara's Violent Unravelling by Vehumet.
 26549 | D:15     | Entered Level 15 of the Dungeon
 26562 | D:15     | Noticed Josephine
 26569 | D:15     | Killed Josephine
 26821 | D:15     | Noticed Louise
 26844 | D:15     | Killed Louise
 27411 | D:15     | Reached skill level 17 in Fire Magic
 27540 | D:15     | Reached XP level 16. HP: 90/95 MP: 31/41
 27591 | D:15     | Reached XP level 17. HP: 23/100 MP: 13/43
 27893 | D:15     | Found a staircase to the Depths.
 28482 | Lair:2   | Killed Harold
 28697 | Swamp:1  | Entered Level 1 of the Swamp
 29920 | Swamp:2  | Reached skill level 10 in Dodging
 31439 | Swamp:3  | Reached skill level 10 in Fighting
 31925 | Swamp:3  | Reached skill level 1 in Evocations
 32328 | Swamp:4  | Entered Level 4 of the Swamp
 32555 | Swamp:4  | Offered knowledge of Spellforged Servitor by Vehumet.
 32566 | Swamp:4  | Learned a level 7 spell: Spellforged Servitor
 32920 | Swamp:4  | Noticed a bone dragon
 33940 | Swamp:4  | Got a decaying rune of Zot
 34176 | Snake:1  | Entered Level 1 of the Snake Pit
 34367 | Lair:4   | Learned a level 5 spell: Lightning Bolt
 34370 | Snake:1  | Reached skill level 15 in Conjurations
 35356 | Snake:1  | Got an ivory mace
 35357 | Snake:1  | Identified the +2 mace "Jetaig" {flame, rPois} (You found it on level 1 of the Snake Pit)
 35407 | Snake:1  | Reached skill level 18 in Fire Magic
 36478 | Snake:2  | Noticed Vashnia
 36481 | Snake:2  | Shot with an arrow by a naga sharpshooter

Skill      XL: |  1  2  3  4  5  6  7  8  9 10 11 12 13 14 15 16 17 |
---------------+----------------------------------------------------+-----
Fighting       | 1 2 3 6 8 9 10 | 10.0
Conjurations   | 2 3 5 6 7 9 10 12 13 14 15 | 15.3
Spellcasting   | 4 5 6 8 9 11 12 14 15 16 17 | 17.8
Fire Magic     | 4 6 7 9 11 13 15 16 17 18 | 18.1
Dodging        | 5 8 9 10 | 10.6
Translocations | 5 6 |  6.6
Evocations     | 2 |  2.3
Stealth        | |  2.5
Summonings     | |  0.3

Action                   |  1- 3 |  4- 6 |  7- 9 | 10-12 | 13-15 | 16-18 || total
-------------------------+-------+-------+-------+-------+-------+-------++-------
Melee: Dagger            |    46 |   125 |   163 |    33 |       |       ||   367
       Unarmed           |       |    22 |       |       |       |       ||    22
       Trident           |       |       |       |    37 |   219 |   126 ||   382
 Cast: Flame Tongue      |    36 |    19 |   185 |   369 |   301 |   137 ||  1047
       Throw Flame       |    24 |    25 |     1 |     8 |       |    10 ||    68
       Sticky Flame      |       |     4 |    25 |    64 |    74 |    58 ||   225
       Conjure Flame     |       |     4 |     1 |     7 |       |       ||    12
       Magic Dart        |       |       |     2 |       |    16 |       ||    18
       Fireball          |       |       |     1 |     8 |    60 |    67 ||   136
       Mephitic Cloud    |       |       |     3 |    68 |    23 |     5 ||    99
       Ignite Poison     |       |       |       |    51 |    18 |     6 ||    75
       Blink             |       |       |       |     9 |     3 |    12 ||    24
       Ignition          |       |       |       |       |    28 |    77 ||   105
       Inner Flame       |       |       |       |       |     2 |       ||     2
       Lightning Bolt    |       |       |       |       |       |    14 ||    14
       Spellforged Servi |       |       |       |       |       |     2 ||     2
Evoke: Wand              |       |       |     2 |    20 |     4 |     7 ||    33
       Sack of spiders   |       |       |       |       |     2 |       ||     2
  Use: Scroll            |     1 |     9 |     6 |     8 |    13 |    12 ||    49
       Potion            |       |     3 |     1 |     2 |     6 |     8 ||    20
 Stab: Sleeping          |     1 |     5 |     2 |       |     5 |       ||    13
       Distracted        |       |       |       |       |     2 |     1 ||     3
       Paralysed         |       |       |       |       |     8 |       ||     8
       Confused          |       |       |       |       |     1 |       ||     1
  Eat: Chunk             |     2 |     3 |     6 |    21 |    42 |     7 ||    81
       Ration            |       |     3 |     3 |     4 |       |    16 ||    26
Armor: Robe              |    17 |    13 |     5 |    93 |   150 |    61 ||   339
       Leather armour    |       |    37 |    84 |       |       |       ||   121
       Skin              |       |     3 |       |       |       |       ||     3
Dodge: Dodged            |    48 |   102 |   166 |   304 |   419 |   303 ||  1342
